 Dungeon Crawl Stone Soup version 0.12.3 (webtiles) character file.

2163 Chiseanne the Ducker (level 9, -2/64 (68) HPs)
             Began as a Ghoul Wanderer on Sept 28, 2013.
             Was an Initiate of Ashenzari.
             Slain by a mottled dragon (4 damage)
             ... on Level 5 of the Dungeon.
             The game lasted 00:32:05 (11304 turns).

Chiseanne the Ducker (Ghoul Wanderer)              Turns: 11304, Time: 00:32:05

HP  -2/64 (68)   AC  9     Str 16      XL: 9   Next:  6%
MP   0/17        EV 13     Int 10      God: Ashenzari [......]
Gold 413         SH  0     Dex  8      Spells:  1 memorised, 15 levels left

Res.Fire  : + . .   See Invis. : .   j - +2,+1 mace (protect)
Res.Cold  : . . .   Warding    : .   u - +0 robe (curse)
Life Prot.: + + +   Conserve   : .   (no shield)
Res.Poison: +       Res.Corr.  : .   n - +0 cap (curse)
Res.Elec. : .       Clarity    : .   s - +0 cloak
Sust.Abil.: . .     Spirit.Shd : +   a - +0 pair of gloves
Res.Mut.  : .       Stasis     : .   (no boots)
Res.Rott. : +       Ctrl.Telep.: .   r - amulet of guardian spirit
Saprovore : + + +   Flight     : .   c - ring of fire
                                     o - ring of protection from magic

@: rotting, quite resistant to hostile enchantments, very unstealthy
A: rotting body, claws 1, carnivore 3, cold resistance 1, life protection 3,
poison resistance, saprovore 3, slow healing 1, torment resistance, unbreathing
a: Renounce Religion


You were on level 5 of the Dungeon.
You worshipped Ashenzari.
Ashenzari was noncommittal.
You were not hungry.

You visited 2 branches of the dungeon, and saw 7 of its levels.

You collected 363 gold pieces.

Inventory:

Hand weapons
 j - a +2,+1 mace of protection (weapon)
 p - a +1,+0 spear of returning
Missiles
 d - 2 needles of slowing
 e - 2 needles of frenzy
 g - 19 sling bullets
 h - 80 darts
 m - 25 poisoned needles
 q - 7 darts of frost (quivered)
Armour
 a - a +0 pair of gloves (worn)
 n - a cursed +0 cap (worn)
 s - a +0 cloak (worn)
 u - a cursed +0 robe (worn)
Comestibles
 f - a meat ration
 l - a slice of pizza
Jewellery
 c - a ring of fire (right hand)
 o - a ring of protection from magic (left hand)
 r - an amulet of guardian spirit (around neck)


   Skills:
 * Level 3.8 Fighting
 * Level 4.0 Maces & Flails
 * Level 5.4 Dodging
   Level 1.0 Shields
 - Level 1.0 Traps
 * Level 4.2 Spellcasting
 * Level 3.0 Conjurations
   Level 1.0 Summonings
   Level 1.0 Translocations
 * Level 3.4 Poison Magic


You had 15 spell levels left.
You knew the following spells:

 Your Spells              Type           Power        Failure   Level  Hunger
a - Sting                 Conj/Pois      ##...        10%         1    #......


Dungeon Overview and Level Annotations

Branches:
Dungeon (6/27)             Temple (1/1) D:5
    Orc: D:6-11

Altars:
Ashenzari
Cheibriados
Elyvilon
Fedhas
Kikubaaqudgha
Makhleb
Nemelex Xobeh
Sif Muna
Trog
Yredelemnul
Zin
the Shining One


Innate Abilities, Weirdness & Mutations

Your body is rotting away.
You have sharp fingernails.
You are carnivorous and can eat meat at any time.
Your flesh is cold resistant.
You are immune to negative energy.
Your system is resistant to poisons.
You thrive on rotten meat.
You heal slowly.
You are immune to unholy pain and torment.
You can survive without breathing.


Message History

The mottled dragon spits sticky flame at you.
The sticky flame hits you! You resist.
You are covered in liquid flames!
* * * LOW HITPOINT WARNING * * *
You hit the mottled dragon.
The mottled dragon is heavily wounded.
You are covered in liquid flames!
* * * LOW HITPOINT WARNING * * *
The mottled dragon bites you.
* * * LOW HITPOINT WARNING * * *
The mottled dragon claws you but does no damage.
The mottled dragon bites you!
* * * LOW HITPOINT WARNING * * *
The mottled dragon closely misses you.
You barely miss the mottled dragon.
The mottled dragon is heavily wounded.
You are covered in liquid flames!
* * * LOW HITPOINT WARNING * * *
The mottled dragon bites you.
You die...

#.###..###......##...###(##.
#.###.## ##.....#..#..#.(.#.
##....# #.....#.###...#(#.
##....# ##....#.#.#####.#.
##..#..## ##.....#..#.##[#)#.
#.####..###......#.###.#...#.
### #...........#..#.####.#.
#..>........#.###.#...#.
#......@D...#..#.#.#.##.
##..##.......#.########..
#...##..>)#.[..# #....
#...#...####..## #....
#.......####...######....
##.........###...........#
######...#####...##..######...#
#.......## ###....### ###.#
#######.# ###....### ##.#


You could see a mottled dragon.

Vanquished Creatures
  A phantom (D:5)
  A yak zombie (D:5)
  A manticore skeleton (D:5)
  2 centaurs (D:5)
  2 ogres (D:4)
  A giant frog (D:5)
  A goliath beetle (D:5)
  2 crimson imps (D:5)
  A gnoll shaman (D:4)
  A hound skeleton (D:4)
  3 orc priests
  2 orc wizards (D:4)
  3 iguanas
  5 hounds
  2 scorpions (D:5)
  4 worker ants
  Ijyb (D:2)
  Jessica (D:2)
  A jelly (D:5)
  6 gnolls
  13 adders
  An adder skeleton (D:4)
  2 giant mites (D:5)
  An inept item mimic (D:4)
  5 worms
  2 giant geckos
  An ooze (D:3)
  16 orcs
  10 bats
  3 giant cockroaches
  7 goblins
  14 hobgoblins
  13 kobolds
  2 quokkas
  2 ball pythons (D:5)
  A giant gecko skeleton (D:5)
  4 giant newts
  3 jackals (D:1)
  A kobold zombie (D:5)
  8 rats
150 creatures vanquished.

Vanquished Creatures (others)
  A giant newt (D:5)
  A kobold (D:5)
2 creatures vanquished.

Grand Total: 152 creatures vanquished

Notes
Turn   | Place    | Note
--------------------------------------------------------------
     0 | D:1      | Chiseanne, the Ghoul Wanderer, began the quest for the Orb.
     0 | D:1      | Reached XP level 1. HP: 15/15 MP: 2/2
   455 | D:1      | Reached skill level 3 in Spellcasting
   462 | D:1      | Reached XP level 2. HP: 13/21 MP: 4/4
  1384 | D:2      | Reached XP level 3. HP: 22/27 MP: 6/6
  1640 | D:2      | Noticed Jessica
  1656 | D:2      | Killed Jessica
  1656 | D:2      | Reached skill level 1 in Dodging
  1879 | D:2      | Reached XP level 4. HP: 31/34 MP: 7/7
  2461 | D:2      | Noticed Ijyb
  2497 | D:2      | Killed Ijyb
  2796 | D:2      | Reached XP level 5. HP: 25/39 MP: 9/9
  3628 | D:3      | Reached skill level 1 in Conjurations
  4024 | D:4      | Found a shattered altar of Ashenzari.
  4044 | D:4      | Became a worshipper of Ashenzari the Shackled
  4046 | D:4      | Found a white marble altar of Elyvilon.
  4058 | D:4      | Reached XP level 6. HP: 47/47 MP: 11/11
  4204 | D:4      | Found a basalt altar of Yredelemnul.
  4227 | D:4      | Found a bloodstained altar of Trog.
  4265 | D:4      | Reached skill level 1 in Poison Magic
  4518 | D:4      | Found a deep blue altar of Sif Muna.
  4591 | D:4      | Noticed an ogre
  5142 | D:3      | Reached XP level 7. HP: 29/52 MP: 5/12
  6108 | D:4      | Noticed an ogre
  6133 | D:4      | Killed an ogre
  6185 | D:4      | Found a sparkling altar of Nemelex Xobeh.
  6424 | D:4      | Killed an ogre
  6424 | D:4      | Reached skill level 4 in Dodging
  7076 | D:5      | Entered Level 5 of the Dungeon
  7099 | D:5      | Reached XP level 8. HP: 31/61 MP: 13/15
  8034 | D:5      | Found a staircase to the Ecumenical Temple.
  8106 | Temple   | Entered the Ecumenical Temple
  8787 | D:5      | Reached skill level 5 in Dodging
 10514 | D:5      | Reached XP level 9. HP: 56/63 MP: 7/17
 11304 | D:5      | HP: 2/64 [burnt (2)]
 11304 | D:5      | Slain by a mottled dragon

Action                   |  1- 3 |  4- 6 |  7- 9 || total
-------------------------+-------+-------+-------++-------
Melee: Mace              |   106 |   292 |   378 ||   776
       Club              |     5 |       |       ||     5
Throw: Dart              |    10 |    27 |    14 ||    51
 Cast: Sting             |     3 |    33 |   187 ||   223
  Use: Scroll            |     6 |     2 |     8 ||    16
       Potion            |       |     3 |     2 ||     5
